 Dungeon Sprint DCSS version 0.29.1-2-gbd0b4ee654 (webtiles) character file.

Game seed: 13961996610657962616

8500000 Groucho the Ninja (level 27, -11/174 HPs)
             Began as a Spriggan Abyssal Knight on Oct 27, 2022.
             Was the Champion of Makhleb.
             Killed from afar by a dread (27 damage)
             ... with damnation
             ... in the Dungeon (Sprint VIII: "Arena of Blood").
             The game lasted 00:04:18 (85 turns).

Groucho the Ninja (Spriggan Abyssal Knight)           Turns: 85, Time: 00:04:18

Health: -11/174    AC:  4    Str:  9    XL:     27
Magic:  30/55      EV: 54    Int: 12    God:    Makhleb [******]
Gold:   0          SH:  0    Dex: 29    Spells: 80/80 levels left

rFire   . . .      SeeInvis +   i - +โˆž Axe of Woe
rCold   . . .      Faith    .   (shield currently unavailable)
rNeg    . . .      Spirit   .   b - +0 robe
rPois   .          Reflect  .   (helmet restricted)
rElec   .          Harm     .   (no cloak)
rCorr   .          Rampage  .   (gloves unavailable)
Will    ++++.      NoTele   +   (boots unavailable)
Stlth   ++++++++++              (no amulet)
HPRegen 0.39/turn               (no ring)
MPRegen 0.34/turn               (no ring)

@: slowed, quick
A: very small, no large weapons, unfitting armour, see invisible, speed 3
a: Renounce Religion, Minor Destruction, Lesser Servant of Makhleb, Major
Destruction, Greater Servant of Makhleb


You were in the Dungeon.
You worshipped Makhleb.
Makhleb was exalted by your worship.
You visited 1 branch

Inventory:

Hand Weapons
 a - a +1 hand axe
 i - the +โˆž Axe of Woe (weapon)
   (You found it in the Dungeon)
Armour
 b - a +0 robe (worn)
Scrolls
 h - a scroll of blinking
Potions
 c - a potion of curing
 d - a potion of heal wounds
 e - a potion of haste
 f - 2 potions of magic
 g - a potion of berserk rage


   Skills:
 O Level 27 Fighting
 O Level 27 Short Blades
 O Level 27 Long Blades
 O Level 27 Axes
 O Level 27 Maces & Flails
 O Level 27 Polearms
 O Level 27 Staves
 O Level 27 Ranged Weapons
 O Level 27 Throwing
 O Level 27 Armour
 O Level 27 Dodging
 O Level 27 Stealth
 O Level 27 Shields
 O Level 27 Unarmed Combat
 O Level 27 Spellcasting
 O Level 27 Conjurations
 O Level 27 Hexes
 O Level 27 Summonings
 O Level 27 Necromancy
 O Level 27 Translocations
 O Level 27 Transmutations
 O Level 27 Fire Magic
 O Level 27 Ice Magic
 O Level 27 Air Magic
 O Level 27 Earth Magic
 O Level 27 Poison Magic
 O Level 27 Invocations
 O Level 27 Evocations


You had 80 spell levels left.
You didn't know any spells.
Your spell library was empty.

Dungeon Overview and Level Annotations

Branches:
Dungeon (1/1)

Altars:
Makhleb


Innate Abilities, Weirdness & Mutations

You are very small and have problems with some larger weapons.
You are too small for most types of armour.
You have supernaturally acute eyesight. (SInv)
You cover ground extremely quickly. (Speed+++)


Message History

The eight-headed meat hydra convulses!
Your body is wracked with pain!
The eight-headed meat hydra convulses!
You hear a shout! x3
The eight-headed meat hydra calls on the powers of darkness!
The eight-headed meat hydra convulses!
Your body is wracked with pain!
* * * LOW HITPOINT WARNING * * *
The eight-headed meat hydra convulses!
The accursed hits you!
* * * LOW HITPOINT WARNING * * *
You slash the accursed!
You butcher the accursed messily.
You destroy the accursed!
Makhleb accepts your kill.
You feel better.
You feel extremely nervous for a moment...
You are engulfed in negative energy!
You feel weakened.
The wretched soul appears out of thin air!
A wretched soul comes into view.
You hear a shout! x5
The eight-headed meat hydra calls on the powers of darkness!
The eight-headed meat hydra convulses!
Your body is wracked with pain!
* * * LOW HITPOINT WARNING * * *
The eight-headed meat hydra convulses!
You hear a shout!
You feel your strength returning.
Unknown command.
You hack one of the eight-headed meat hydra's heads off!
The seven-headed meat hydra grows two more!
You slash the nine-headed meat hydra!
You chop the nine-headed meat hydra into pieces.
You kill the nine-headed meat hydra!
Makhleb accepts your kill.
You hear a shout! x4
The eight-headed meat hydra calls on the powers of darkness!
The eight-headed meat hydra convulses!
Your body is wracked with pain!
* * * LOW HITPOINT WARNING * * *
A dread comes into view.
You hear a shout! x2
The dread throws damnation at you.
The sphere of damnation explodes!
The damnation engulfs you!!
You die...

.oV.......W........
....................
.....o..............
#.......#...........
#.......# ..........
.###.......###.........
......###.....))......#
......_.DW..)@))W.....
.#..)..#..)))).#.#.
#_)<._#.)))).......
#.))).#..)))o#.#.#.
......_..............
......###.........#o#.#
.###..
....###........ยง
#.......# ......... #.
.....# .........


You could see an eight-headed meat hydra, 2 dreads, a wretched soul (invisible)
and a bag of meat.

Vanquished Creatures
  4 hell beasts (D)
  5 royal mummies (D)
  A wraith (D)
  Harold (D)
  17 vampire knights (D)
  35 ogres (D)
  4 two-headed ogres (D)
  2 liches (D)
  A hydra (D)
  68 orcs (D)
  5 skeletal warriors (D)
143 creatures vanquished.

Notes
Turn   | Place    | Note
-------+----------+-------------------------------------------
     0 | D        | Found the +โˆž Axe of Woe
     0 | D        | Groucho the Spriggan Abyssal Knight began the quest for the
                  | Orb.
     0 | D        | Reached XP level 1. HP: 11/11 MP: 3/3
     2 | D        | Noticed a bag of meat
     2 | D        | Noticed a bag of meat
     4 | D        | Fell from the grace of Lugonu
     4 | D        | Became a worshipper of Makhleb the Destroyer
     5 | D        | Killed a bag of meat
     5 | D        | Noticed a bag of meat
     6 | D        | Reached XP level 2. HP: 16/16 MP: 4/4
     6 | D        | Reached XP level 3. HP: 19/19 MP: 5/5
     6 | D        | Reached XP level 4. HP: 23/23 MP: 6/6
     6 | D        | Reached XP level 5. HP: 27/27 MP: 7/7
     6 | D        | Reached XP level 6. HP: 32/32 MP: 8/8
     6 | D        | Reached XP level 7. HP: 35/35 MP: 9/9
     6 | D        | Reached XP level 8. HP: 39/39 MP: 10/10
     6 | D        | Reached XP level 9. HP: 43/43 MP: 11/11
     6 | D        | Reached XP level 10. HP: 47/47 MP: 12/12
     6 | D        | Noticed a bag of meat
     7 | D        | Noticed a bag of meat
    10 | D        | Killed a bag of meat
    10 | D        | Reached * piety under Makhleb
    10 | D        | Noticed a meat berserker
    11 | D        | Reached skill level 27 in Stealth
    11 | D        | Reached XP level 11. HP: 51/51 MP: 13/13
    12 | D        | Killed a bag of meat
    12 | D        | Noticed a bag of meat
    13 | D        | Reached XP level 12. HP: 56/56 MP: 14/14
    13 | D        | Killed a bag of meat
    13 | D        | Noticed a bag of meat
    14 | D        | Reached XP level 13. HP: 59/59 MP: 15/15
    14 | D        | Noticed a bag of meat
    14 | D        | Noticed a meat berserker
    15 | D        | Killed a meat berserker
    15 | D        | Reached ** piety under Makhleb
    16 | D        | Reached skill level 27 in Dodging
    18 | D        | Noticed a bag of meat
    20 | D        | Killed a bag of meat
    20 | D        | Killed a bag of meat
    20 | D        | Noticed a bag of meat
    20 | D        | Noticed a meat berserker
    21 | D        | Reached XP level 14. HP: 63/63 MP: 16/16
    21 | D        | Killed a meat berserker
    21 | D        | Reached *** piety under Makhleb
    21 | D        | Noticed a meat berserker
    22 | D        | Killed a bag of meat
    22 | D        | Killed a bag of meat
    23 | D        | Reached skill level 27 in Axes
    23 | D        | Reached XP level 15. HP: 79/79 MP: 16/24
    24 | D        | Noticed a destroyer
    25 | D        | Noticed a meat berserker
    25 | D        | Noticed a meat berserker
    25 | D        | Noticed a large bag of meat
    25 | D        | Noticed a meat berserker
    26 | D        | Noticed a destroyer
    26 | D        | Noticed a meat berserker
    27 | D        | Noticed a meat berserker
    28 | D        | Noticed a large bag of meat
    29 | D        | Noticed The Servant
    29 | D        | Noticed a meat berserker
    29 | D        | Noticed a meat berserker
    30 | D        | Killed a meat berserker
    30 | D        | Reached **** piety under Makhleb
    30 | D        | Killed a meat berserker
    30 | D        | Noticed a destroyer
    30 | D        | Noticed a meat berserker
    30 | D        | Noticed a meat berserker
    31 | D        | Reached skill level 15 in Fighting
    31 | D        | Reached XP level 16. HP: 95/95 MP: 16/30
    31 | D        | Noticed a meat berserker
    31 | D        | Noticed a destroyer
    32 | D        | Killed a destroyer
    32 | D        | Killed a meat berserker
    32 | D        | Reached ***** piety under Makhleb
    32 | D        | Killed The Servant
    32 | D        | Noticed a meat berserker
    32 | D        | Noticed a destroyer
    33 | D        | Reached skill level 27 in Invocations
    33 | D        | Reached XP level 17. HP: 118/118 MP: 17/35
    33 | D        | Killed a meat berserker
    33 | D        | Killed a meat berserker
    34 | D        | Reached skill level 27 in Fighting
    34 | D        | Reached XP level 18. HP: 127/127 MP: 17/36
    34 | D        | Killed a destroyer
    34 | D        | Noticed a meat berserker
    35 | D        | Killed a meat berserker
    35 | D        | Killed a meat berserker
    35 | D        | Reached ****** piety under Makhleb
    35 | D        | Killed a meat berserker
    36 | D        | Reached XP level 19. HP: 132/132 MP: 17/37
    36 | D        | Killed a meat berserker
    36 | D        | Killed a meat berserker
    37 | D        | Killed a meat berserker
    38 | D        | Reached skill level 27 in Short Blades
    38 | D        | Reached XP level 20. HP: 137/137 MP: 18/38
    38 | D        | Killed a meat berserker
    38 | D        | Killed a meat berserker
    39 | D        | Killed a large bag of meat
    39 | D        | Noticed a destroyer
    39 | D        | Noticed a destroyer
    40 | D        | Reached skill level 27 in Armour
    40 | D        | Reached skill level 27 in Shields
    40 | D        | Reached XP level 21. HP: 111/142 MP: 18/39
    41 | D        | Killed a destroyer
    42 | D        | Killed a large bag of meat
    43 | D        | Reached skill level 27 in Unarmed Combat
    43 | D        | Reached XP level 22. HP: 107/148 MP: 18/40
    43 | D        | Killed a destroyer
    43 | D        | Killed a destroyer
    44 | D        | Killed a destroyer
    45 | D        | Reached XP level 23. HP: 136/153 MP: 19/41
    45 | D        | Noticed a destroyer
    46 | D        | Noticed a destroyer
    46 | D        | Noticed a destroyer
    46 | D        | Noticed a destroyer
    47 | D        | Reached skill level 27 in Long Blades
    47 | D        | Reached skill level 27 in Maces & Flails
    47 | D        | Killed a destroyer
    47 | D        | Noticed an accursed
    47 | D        | Noticed a destroyer
    48 | D        | Killed a destroyer
    49 | D        | Reached XP level 24. HP: 126/158 MP: 20/41
    49 | D        | Noticed a large bag of meat
    49 | D        | Noticed a large bag of meat
    50 | D        | Killed a destroyer
    51 | D        | Noticed a destroyer
    51 | D        | Noticed a tyrant
    52 | D        | Killed a destroyer
    52 | D        | Noticed a destroyer
    53 | D        | Reached skill level 27 in Polearms
    53 | D        | Reached skill level 27 in Staves
    53 | D        | Reached skill level 5 in Throwing
    53 | D        | Noticed an accursed
    54 | D        | Killed a tyrant
    54 | D        | Killed an accursed
    55 | D        | Reached skill level 27 in Throwing
    55 | D        | Reached skill level 27 in Evocations
    55 | D        | Reached XP level 25. HP: 135/163 MP: 21/41
    56 | D        | Killed a destroyer
    57 | D        | Reached skill level 27 in Ranged Weapons
    57 | D        | Reached XP level 26. HP: 156/169 MP: 21/42
    58 | D        | Killed a destroyer
    59 | D        | Reached skill level 27 in Spellcasting
    59 | D        | Noticed an accursed
    59 | D        | Noticed a destroyer
    60 | D        | Killed a destroyer
    60 | D        | Noticed a tyrant
    61 | D        | Noticed an accursed
    62 | D        | Killed a large bag of meat
    63 | D        | Reached skill level 27 in Conjurations
    63 | D        | Reached XP level 27. HP: 104/174 MP: 22/55
    63 | D        | Killed a destroyer
    63 | D        | Noticed a dread
    64 | D        | Killed a destroyer
    66 | D        | Reached skill level 27 in Summonings
    66 | D        | Killed a large bag of meat
    67 | D        | HP: 2/174 [accursed/divine providence (14)]
    69 | D        | Reached skill level 27 in Fire Magic
    70 | D        | Noticed a meat beast
    70 | D        | Killed an accursed
    72 | D        | Killed a tyrant
    73 | D        | Reached skill level 27 in Ice Magic
    73 | D        | Reached skill level 5 in Necromancy
    73 | D        | Reached skill level 5 in Air Magic
    73 | D        | Reached skill level 5 in Earth Magic
    73 | D        | Reached skill level 5 in Poison Magic
    73 | D        | Killed a meat beast
    73 | D        | Noticed an accursed
    73 | D        | Noticed a meat beast
    74 | D        | Reached skill level 15 in Hexes
    74 | D        | Killed a dread
    74 | D        | Noticed a destroyer
    75 | D        | Reached skill level 15 in Necromancy
    75 | D        | Reached skill level 15 in Air Magic
    75 | D        | Reached skill level 15 in Earth Magic
    75 | D        | Noticed a meat beast
    76 | D        | Killed an accursed
    76 | D        | Noticed a meat beast
    76 | D        | Noticed a destroyer
    77 | D        | Reached skill level 27 in Translocations
    77 | D        | Killed a meat beast
    78 | D        | Reached skill level 27 in Hexes
    78 | D        | Reached skill level 27 in Transmutations
    78 | D        | Killed an accursed
    79 | D        | Killed a destroyer
    79 | D        | Killed a meat beast
    80 | D        | Reached skill level 27 in Necromancy
    80 | D        | Reached skill level 27 in Air Magic
    80 | D        | Reached skill level 27 in Earth Magic
    80 | D        | Reached skill level 27 in Poison Magic
    80 | D        | Killed a meat beast
    80 | D        | Noticed a dread
    83 | D        | Killed a destroyer
    84 | D        | Killed an accursed
    85 | D        | Noticed a dread
    85 | D        | Killed from afar by a dread

Illustrated notes

Levels and vault maps discovered:
D:        meatsprint

Skill      XL: |  1  2  3  4  5  6  7  8  9 10 11 12 13 14 15 16 17 18 19 20 21 22 23 24 25 26 27 |
---------------+----------------------------------------------------------------------------------+-----
Axes           | 11 14 16 17 24 27 | 27.0
Dodging        | 17 21 24 26 27 | 27.0
Stealth        | 26 27 | 27.0
Fighting       | 9 15 25 27 | 27.0
Invocations    | 11 18 27 | 27.0
Short Blades   | 13 23 27 | 27.0
Armour         | 9 17 22 27 | 27.0
Shields        | 9 17 22 27 | 27.0
Unarmed Combat | 14 27 | 27.0
Long Blades    | 13 25 27 | 27.0
Maces & Flails | 12 23 27 | 27.0
Polearms       | 18 27 | 27.0
Staves         | 18 27 | 27.0
Throwing       | 27 | 27.0
Evocations     | 27 | 27.0
Ranged Weapons | 3 27 | 27.0
Spellcasting   | 14 27 | 27.0
Conjurations   | 27 | 27.0
Summonings     | 8 27 | 27.0
Fire Magic     | 27 | 27.0
Ice Magic      | 27 | 27.0
Hexes          | 27 | 27.0
Necromancy     | 27 | 27.0
Translocations | 27 | 27.0
Transmutations | 27 | 27.0
Air Magic      | 27 | 27.0
Earth Magic    | 27 | 27.0
Poison Magic   | 27 | 27.0

Action                   |  1- 3 |  4- 6 |  7- 9 | 10-12 | 13-15 | 16-18 | 19-21 | 22-24 | 25-27 || total
-------------------------+-------+-------+-------+-------+-------+-------+-------+-------+-------++-------
Melee: Broad axe         |     1 |       |       |     3 |     5 |     4 |     7 |    11 |    29 ||    60
Armor: Robe              |       |       |       |       |       |       |       |       |     2 ||     2
Dodge: Dodged            |     1 |       |       |       |     1 |       |       |     1 |     4 ||     7
